 Dungeon Crawl Stone Soup version 0.26-a0-846-gcc8f1ee719 (webtiles) character file.

Game seed: 13191727628948911704

2532 marklar909 the Slinger (level 9, -4/62 HPs)
             Began as a Halfling Hunter on Nov 20, 2020.
             Slain by a wight
             ... wielding a cursed +0 dagger
              (5 damage)
             ... on level 7 of the Dungeon.
             The game lasted 00:08:14 (5264 turns).

marklar909 the Slinger (Halfling Hunter)            Turns: 5264, Time: 00:08:16

Health: -4/62      AC:  7    Str: 15    XL:     9   Next: 84%
Magic:  9/9        EV: 12    Int:  9    God:
Gold:   328        SH:  0    Dex: 16    Spells: 8/8 levels left

rFire    . . .     SeeInvis .   a - +1 hunting sling
rCold    . . .     Faith    .   (shield restricted)
rNeg     . . .     Spirit   .   x - +0 ring mail
rPois    .         Reflect  .   (no helmet)
rElec    .         Harm     .   (no cloak)
rCorr    +         Rampage  .   m - +0 pair of gloves
MR       .....                  t - +0 pair of boots
Stlth    +.........             l - amulet of regeneration
HPRegen  0.60/turn              f - ring of resist corrosion
MPRegen  0.11/turn              (no ring)

@: attractive, heavily drained
A: small, mutation resistance 1
a: no special abilities


You were on level 7 of the Dungeon.
You visited 2 branches of the dungeon, and saw 8 of its levels.

You collected 328 gold pieces.

Inventory:

Hand Weapons
 a - a +1 hunting sling (weapon)
Missiles
 d - 51 sling bullets (quivered)
 k - 11 stones
Armour
 m - a +0 pair of gloves (worn)
 t - a +0 pair of boots (worn)
 x - a +0 ring mail (worn)
 y - the +5 kite shield of Grace {-Tele Harm +Fly rElec, unknown}
   (You found it on level 6 of the Dungeon)

   It insulates you from electricity.
   It lets you fly.
   It prevents most forms of teleportation.
   It increases damage dealt and taken.
Jewellery
 f - a ring of resist corrosion (left hand)
 l - an amulet of regeneration (around neck)
Wands
 u - a wand of enslavement (17)
 v - a wand of paralysis (1)
 w - a wand of polymorph (20)
Scrolls
 c - a scroll of random uselessness {unknown}
 g - 2 scrolls of enchant armour {unknown}
 h - 8 scrolls of identify
 j - a scroll of fear {unknown}
 n - 3 scrolls of teleportation
 p - 3 scrolls of amnesia
 A - 2 scrolls of remove curse
Potions
 b - a potion of lignification
 e - a potion of magic
 i - a potion of attraction
 o - a potion of ambrosia {unknown}
 q - 2 potions of might {unknown}
 r - 3 potions of curing
 s - 2 potions of mutation {unknown}


   Skills:
 + Level 6.1(3.7) Fighting
 + Level 13.8(11.0) Slings
 + Level 3.6(1.4) Armour
 + Level 2.9(0.8) Dodging
 + Level 1.9(0.0) Stealth
 * Level 3.4(1.3) Shields


You had 8 spell levels left.
You didn't know any spells.
Your spell library was empty.

Dungeon Overview and Level Annotations

Branches:
Dungeon (7/15)             Temple (1/1) D:5

Altars:
Ashenzari
Cheibriados
Dithmenos
Fedhas
Gozag
Kikubaaqudgha
Makhleb
Nemelex Xobeh
Qazlal
Ru
Trog
Uskayaw
Vehumet
Wu Jian
Xom
Yredelemnul


Innate Abilities, Weirdness & Mutations

You are small and have problems with some larger weapons.
You are somewhat resistant to further mutation.


Message History

The wight hits you with a cursed +2 halberd!
* * * LOW HITPOINT WARNING * * *
You feel drained.
* * * LOW HITPOINT WARNING * * *
Unknown command.
Firing (i - inventory. (/) - cycle)
d - 52 sling bullets (quivered)
Press: ? - help, Shift-Dir - straight line, f/p - wight
Aim: a wight, wielding a +2 halberd and wearing a +0 robe (moderately damaged)
You shoot a sling bullet.
The sling bullet closely misses the wight.
The wight hits you but does no damage.
Unknown command. 2 wights come into view.
The wight is pulled toward you! x3
The wight hits you from afar with a cursed +2 halberd!
* * * LOW HITPOINT WARNING * * *
You feel drained.
* * * LOW HITPOINT WARNING * * *
The wight hits you with a cursed +0 dagger.
You die...

#.........# .#
#.........##...# #..#
#..............#.#..#
#..............#.#..##
#...<.................
#.........####.##....
#.................#
#..........#......#
#..........#...@..###
######...#.#.zz#z..?+
#######.#.#.#...#z.###
#.......#...#...#(.#
#.###########...#(.#
....((.. ###.##(... ..
.#(.. . #.#.


You could see 4 wights.

Vanquished Creatures
  Joseph (D:7)
  Grinder (D:5)
  Duvessa (D:5)
  A sky beast (D:6)
  An ice beast (D:5)
  A phantom (D:5)
  6 ogres
  A centaur (D:5)
  2 bullfrogs (D:6)
  A wyvern zombie (D:6)
  A gnoll sergeant (D:6)
  A wyvern skeleton (D:6)
  Dowan (D:5)
  A scorpion (D:4)
  3 bullfrog zombies (D:6)
  2 centaur skeletons
  2 hounds
  2 orc wizards
  Ijyb (D:4)
  5 worker ants
  A hound zombie (D:6)
  3 worker ant zombies (D:6)
  5 gnolls (D:6)
  5 adders
  A shadow imp (D:6)
  2 white imps
  3 worms
  2 dart slugs
  2 leopard geckos
  11 orcs
  3 giant cockroaches
  6 goblins
  5 hobgoblins
  4 jackals
  10 kobolds
  A quokka (D:4)
  6 bats
  9 frilled lizards
  A jackal skeleton (D:4)
  A leopard gecko skeleton (D:4)
  A quokka skeleton (D:6)
  A quokka zombie (D:6)
  3 rats
121 creatures vanquished.

Vanquished Creatures (others)
  2 plants (D:7)
  A withered plant (D:6)
3 creatures vanquished.

Grand Total: 124 creatures vanquished

Notes
Turn   | Place    | Note
-------+----------+-------------------------------------------
     0 | D:1      | marklar909 the Halfling Hunter began the quest for the Orb.
     0 | D:1      | Reached XP level 1. HP: 14/14 MP: 1/1
    41 | D:1      | Reached skill level 6 in Slings
    43 | D:1      | Reached XP level 2. HP: 19/19 MP: 2/2
   630 | D:1      | Reached XP level 3. HP: 24/24 MP: 3/3
   719 | D:1      | Reached skill level 7 in Slings
  1060 | D:2      | Reached skill level 1 in Armour
  1060 | D:2      | Reached XP level 4. HP: 21/29 MP: 4/4
  1368 | D:2      | Found a blossoming altar of Fedhas.
  1373 | D:2      | Found a stormy altar of Qazlal.
  1658 | D:3      | Reached skill level 8 in Slings
  1658 | D:3      | Reached XP level 5. HP: 35/35 MP: 5/5
  2124 | D:4      | Noticed an ogre
  2132 | D:4      | Killed an ogre
  2133 | D:4      | Reached skill level 9 in Slings
  2133 | D:4      | Reached XP level 6. HP: 42/42 MP: 6/6
  2205 | D:4      | Noticed an ogre
  2208 | D:4      | Noticed Ijyb
  2236 | D:3      | Killed an ogre
  2237 | D:3      | Reached XP level 7. HP: 31/46 MP: 7/7
  2338 | D:4      | Reached skill level 10 in Slings
  2409 | D:4      | Killed Ijyb
  2662 | D:5      | Entered Level 5 of the Dungeon
  2854 | D:5      | Reached skill level 11 in Slings
  2902 | D:5      | Noticed Dowan
  2907 | D:5      | Noticed Duvessa
  2909 | D:5      | Killed Dowan
  2910 | D:5      | Reached XP level 8. HP: 54/54 MP: 8/8
  2944 | D:5      | Found a sacrificial altar of Ru.
  3068 | D:5      | Killed Duvessa
  3069 | D:5      | Reached skill level 12 in Slings
  3099 | D:5      | Noticed Grinder
  3117 | D:5      | Killed Grinder
  3626 | D:5      | Found a staircase to the Ecumenical Temple.
  3778 | Temple   | Entered the Ecumenical Temple
  4065 | D:6      | Reached XP level 9. HP: 60/60 MP: 9/9
  4106 | D:6      | Reached skill level 13 in Slings
  4121 | D:6      | Got an ichor-stained kite shield
  4237 | D:6      | Reached skill level 5 in Fighting
  4237 | D:6      | Reached skill level 1 in Shields
  4425 | D:6      | Found a snail-covered altar of Cheibriados.
  4517 | D:6      | Found a sparkling altar of Nemelex Xobeh.
  4520 | D:6      | Found an opulent altar of Gozag.
  5217 | D:7      | Noticed Joseph
  5252 | D:7      | Killed Joseph
  5264 | D:7      | HP: 1/62 [wight/cursed +2 halberd (3)]
  5264 | D:7      | Slain by a wight

Illustrated notes

Levels and vault maps discovered:
D:1:      lightli_arrival_isolated_outpost, layout_loops_cross, serial_aquarium,
          aquarium_bridge_straight [aquarium_subvault_bridge,
          aquarium_subvault_balcony, aquarium_subvault_bridge,
          aquarium_subvault_window], aquarium_window_fake, aquarium_window_1,
          aquarium_view_2b, aquarium_balcony_3a
D:2:      layout_rooms, grunt_temple_overflow_forces_of_nature
D:3:      layout_rooms
D:4:      layout_cave_pools, wad_floor_pattern_untrapped, uniq_ijyb
D:5:      layout_basic, nicolae_overflow_crystal_walls, temple_doors_e,
          grunt_decor_one_mirror, uniq_duvessa, uniq_grinder
D:6:      layout_loops_ring, nicolae_overflow_hidden_temple, serial_undead,
          serial_undead_d, serial_undead_c, serial_undead_d, serial_undead_b,
          serial_undead_e
D:7:      wad_woods_tower, layout_basic, lemuel_doored_altar, serial_shops,
          shop, nrook_mini_vaults, uniq_joseph
Temple:   jpeg_temple_alley_garden

Skill      XL: |  1  2  3  4  5  6  7  8  9 |
---------------+----------------------------+-----
Slings         | 6 7 8 9 11 12 13 | 13.8
Fighting       | 2 3 4 6 |  6.1
Armour         | 1 2 3 |  3.6
Shields        | 3 |  3.4
Dodging        | |  2.9
Stealth        | |  1.9

Action                   |  1- 3 |  4- 6 |  7- 9 || total
-------------------------+-------+-------+-------++-------
Melee: Hunting sling     |       |     1 |     1 ||     2
       Unarmed           |       |       |     3 ||     3
 Fire: Hunting sling     |   102 |   145 |   469 ||   716
Throw: Stone             |       |       |     2 ||     2
  Use: Scroll            |       |     3 |     5 ||     8
       Potion            |       |       |     2 ||     2
Armor: Leather armour    |     6 |    11 |     9 ||    26
       Ring mail         |       |       |    27 ||    27
Dodge: Dodged            |    13 |    31 |    79 ||   123

Table legend: (Time is in decaauts)
 A = Elapsed time spent in this place.
 B = Non-inter-level travel time spent in this place.
 C = Inter-level travel time spent in this place.
 D = Time resting spent in this place.
 E = Time spent auto-exploring this place.
 F = Levels seen in this place.
 G = Mean time per level.
                   A        B        C        D        E       F      G
               +--------+--------+--------+--------+--------+-----+--------+
         Total |   5044 |   4705 |    339 |    162 |   3625 |   8 |  630.5 |
       Dungeon |   4789 |   4546 |    243 |    162 |   3466 |   7 |  684.1 |
        Temple |    254 |    159 |     95 |      0 |    159 |   1 |  254.0 |
               +--------+--------+--------+--------+--------+-----+--------+

Top non-repeatable levels by time:
     D:5: 1075 daAuts
     D:6: 1042 daAuts
     D:1: 891 daAuts
     D:3: 636 daAuts
     D:4: 565 daAuts
     D:2: 522 daAuts
  Temple: 254 daAuts
     D:7: 57 daAuts
